 Dungeon Crawl Stone Soup version 0.21-a0-401-g0b6bec4 (webtiles) character file.

597 tilp the Skirmisher (level 7, -2/61 HPs)
             Began as a Centaur Fighter on Oct 23, 2017.
             Slain by a gnoll
             ... wielding a +0 spear
              (8 damage)
             ... on level 4 of the Dungeon.
             The game lasted 00:07:08 (3298 turns).

tilp the Skirmisher (Centaur Fighter)               Turns: 3298, Time: 00:07:08

Health: -2/61      AC:  6    Str: 21    XL:     7   Next: 17%
Magic:  7/7        EV:  6    Int:  7    God:
Gold:   216        SH:  8    Dex:  8    Spells: 6/6 levels left

rFire    . . .     SeeInvis .   a - +0 war axe
rCold    . . .     Gourm    .   c - +0 shield
rNeg     . . .     Faith    .   s - +0 ring mail (curse)
rPois    .         Spirit   .   (no helmet)
rElec    .         Reflect  .   (no cloak)
rCorr    .         Harm     .   (no gloves)
MR       .....                  (no barding)
Stlth    ..........             (no amulet)
HPRegen  0.20/turn              (no ring)
MPRegen  0.10/turn              (no ring)

@: very quick
A: hooves 3, deformed body, speed 2, tough skin 3
a: no special abilities


You were on level 4 of the Dungeon.
You were not hungry.

You visited 1 branch of the dungeon, and saw 4 of its levels.

You collected 216 gold pieces.

Inventory:

Hand Weapons
 a - a +0 war axe (weapon)
 l - a cursed -1 whip
Missiles
 g - 8 tomahawks (quivered)
 o - 3 tomahawks of returning
Armour
 c - a +0 shield (worn)
 m - a +0 plate armour
 s - a cursed +0 ring mail (worn)
Jewellery
 j - a +3 ring of dexterity {unknown}
 t - a +5 ring of intelligence {unknown}
Scrolls
 b - a scroll of noise {unknown}
 e - a scroll of magic mapping {unknown}
 h - 5 scrolls of identify {unknown}
 k - 3 scrolls of remove curse {unknown}
 n - a scroll of amnesia {unknown}
Potions
 d - a potion of might
 p - 2 potions of cancellation {unknown}
Comestibles
 f - 4 bread rations
 i - 2 fruits
 q - 2 chunks of flesh
 r - a meat ration


   Skills:
 + Level 5.5 Fighting
 + Level 4.6 Axes
 + Level 3.6 Armour
 - Level 2.1 Shields


You had 6 spell levels left.
You didn't know any spells.

Dungeon Overview and Level Annotations

Branches:
Dungeon (4/15)
 Temple: D:4-7

Altars:
Dithmenos
Fedhas
Kikubaaqudgha
Nemelex Xobeh


Innate Abilities, Weirdness & Mutations

You have hooves in place of feet.
Armour fits poorly on your strangely shaped body.
You cover ground very quickly.
You have extremely tough skin. (AC +3)


Message History

The adder bites you but does no damage. You block the gnoll's attack.
A gnoll comes into view.
You slash the ogre! You kick the ogre!
The ogre is almost dead.
You closely miss the adder. The adder barely misses you.
The ogre hits you with a giant spiked club!!
* * * LOW HITPOINT WARNING * * *
The gnoll hits you from afar with a spear!
* * * LOW HITPOINT WARNING * * *
The adder bites you.
* * * LOW HITPOINT WARNING * * *
You slash the ogre!
You kill the ogre!
You have reached level 7!
You slash the adder!
You kill the adder!
The gnoll hits you from afar with a spear.
* * * LOW HITPOINT WARNING * * *
The gnoll hits you from afar with a spear!
You die...

..... ...
#.... ....
#...##....
#.....w...
#.........
.........
#........
.
#@g.g....
..
#†.......
...
#..g.....
....
##.......
....O##
.......
.###...
.......
.......
.......
####...
.......
#... #...


You could see a worm and 3 gnolls.

Vanquished Creatures
  The ghost of Yermak the Changer, an amateur DgTm (D:3)
  Menkaure (D:3)
  An ogre (D:4)
  A hound (D:3)
  An orc priest (D:3)
  2 orc wizards (D:3)
  6 adders
  4 worms
  4 dart slugs
  A leopard gecko (D:1)
  4 orcs (D:3)
  A ball python (D:3)
  7 giant cockroaches
  3 goblins
  6 hobgoblins
  3 jackals (D:2)
  A quokka (D:2)
  12 bats
  4 frilled lizards
  12 kobolds
  5 rats
80 creatures vanquished.

Notes
Turn   | Place    | Note
-------+----------+-------------------------------------------
     0 | D:1      | tilp the Centaur Fighter began the quest for the Orb.
     0 | D:1      | Reached XP level 1. HP: 19/19 MP: 1/1
   107 | D:1      | Reached XP level 2. HP: 16/26 MP: 2/2
   942 | D:2      | Reached XP level 3. HP: 33/33 MP: 3/3
   980 | D:2      | Found an ancient bone altar of Kikubaaqudgha.
  1008 | D:2      | Reached skill level 4 in Fighting
  1397 | D:2      | Reached XP level 4. HP: 37/40 MP: 4/4
  1756 | D:2      | Found an ancient bone altar of Kikubaaqudgha.
  1756 | D:2      | Found a blossoming altar of Fedhas.
  2039 | D:3      | Reached XP level 5. HP: 35/47 MP: 5/5
  2396 | D:3      | Found a blossoming altar of Fedhas.
  2424 | D:3      | Noticed Yermak's ghost (amateur DgTm)
  2524 | D:3      | Killed Yermak's ghost
  2524 | D:3      | Reached XP level 6. HP: 29/55 MP: 6/6
  2697 | D:3      | Reached skill level 5 in Fighting
  2802 | D:3      | Found a shadowy altar of Dithmenos.
  2802 | D:3      | Found a sparkling altar of Nemelex Xobeh.
  3189 | D:4      | Noticed Menkaure
  3198 | D:3      | Killed Menkaure
  3298 | D:4      | Reached XP level 7. HP: 6/61 MP: 7/7
  3298 | D:4      | Slain by a gnoll

Vault maps used:
D:1:      kennysheep_arrival_forest, hangedman_decor_growths
D:2:      grunt_temple_overflow_growth_and_decay, first_bread,
          minmay_hexomino_r4
D:3:      gammafunk_temple_overflow_pools, minmay_misc_feat_nine_boxes,
          fedhas_altar_3
D:4:      uniq_menkaure, uniq_robin

Skill      XL: |  1  2  3  4  5  6 |
---------------+-------------------+-----
Axes           | 2 3 4 |  4.6
Fighting       | 4 5 |  5.5
Armour         | 3 |  3.6
Shields        | |  2.1

Action                   |  1- 3 |  4- 6 |  7- 9 || total
-------------------------+-------+-------+-------++-------
Melee: War axe           |    87 |   153 |       ||   240
       Kick              |    13 |    36 |       ||    49
  Eat: Chunk             |     1 |     5 |       ||     6
Armor: Scale mail        |    38 |       |       ||    38
       Plate armour      |    19 |   126 |       ||   145
       Ring mail         |       |    15 |       ||    15
Dodge: Dodged            |    17 |    21 |       ||    38
Block: Shield            |    41 |    59 |       ||   100

Table legend:
 A = Spawn XP
 B = Non-spawn XP
 C = Spawn XP percentage of total XP
 D = Spawn monster count
 E = Non-spawn monster count
 F = Spawn count percentage of total count
 G = Total turns spent on level
                    A         B        C        D         E        F      G
               +---------+---------+-------+---------+---------+-------+---------
         Total |       0 |     853 |   0.0 |       0 |      80 |   0.0 |  3298
               +---------+---------+-------+---------+---------+-------+---------
           D:1 |       0 |      30 |   0.0 |       0 |      18 |   0.0 |   849
           D:2 |       0 |     106 |   0.0 |       0 |      33 |   0.0 |  1123
           D:3 |       0 |     583 |   0.0 |       0 |      27 |   0.0 |  1317
           D:4 |       0 |     134 |   0.0 |       0 |       2 |   0.0 |     9
               +---------+---------+-------+---------+---------+-------+---------
